 Dungeon Crawl Stone Soup version 0.24-a0-312-g16217b4 (webtiles) character file.

Game seed: 5954545131649007161

193 mhoghedin the Grave Robber (level 5, -4/35 HPs)
             Began as a Mummy Necromancer on May 15, 2019.
             Slain by an orc wizard
             ... wielding a +0 dagger
              (5 damage)
             ... on level 4 of the Dungeon.
             The game lasted 00:06:10 (3723 turns).

mhoghedin the Grave Robber (Mummy Necromancer)      Turns: 3723, Time: 00:06:11

Health: -4/35      AC:  2    Str: 12    XL:     5   Next: 43%
Magic:  2/10       EV: 12    Int: 15    God:
Gold:   42         SH:  0    Dex: 12    Spells: 2/11 levels left

rFire    x . .     SeeInvis .   c - +0 hand axe
rCold    + . .     Gourm    .   (no shield)
rNeg     + + +     Faith    .   a - +0 robe
rPois    ∞         Spirit   .   (no helmet)
rElec    .         Reflect  .   (no cloak)
rCorr    .         Harm     .   (no gloves)
MR       .....                  (no boots)
Stlth    ++........             (no amulet)
HPRegen  0.11/turn              (no ring)
MPRegen  0.12/turn              (no ring)

@: very slightly contaminated
A: no food or potions, fire vulnerability, cold resistance 1, negative energy
resistance 3, torment resistance, unbreathing
a: no special abilities


You were on level 4 of the Dungeon.
You were not hungry.

You visited 1 branch of the dungeon, and saw 4 of its levels.

You collected 42 gold pieces.

Inventory:

Hand Weapons
 c - a +0 hand axe (weapon)
   (You found it on level 1 of the Dungeon)
Armour
 a - a +0 robe (worn)
Scrolls
 b - 3 scrolls of enchant weapon {unknown}
 d - a scroll of noise {unknown}
 e - 3 scrolls of remove curse {unknown}
 f - 3 scrolls of teleportation {unknown}
 g - 3 scrolls of identify {unknown}
 h - a scroll of magic mapping {unknown}
 i - 2 scrolls of amnesia {unknown}
 j - a scroll of fog {unknown}


   Skills:
 - Level 1.5 Dodging
 - Level 1.5 Stealth
 - Level 3.7 Spellcasting
 + Level 6.4 Necromancy


You had 2 spell levels left.
You knew the following spells:

 Your Spells              Type           Power        Failure   Level  Hunger
a - Pain                  Necr           ###.         1%          1    N/A
b - Animate Dead          Necr           N/A          13%         4    N/A
x - Vampiric Draining     Necr           ###.......   4%          3    N/A
A - Animate Skeleton      Necr           N/A          1%          1    N/A

Your spell library contained the following spells:

 Spells                   Type           Power        Failure   Level  Hunger
 Regeneration             Chrm/Necr      Unusable     N/A         3    N/A

Dungeon Overview and Level Annotations

Branches:
Dungeon (4/15)
 Temple: D:4-7

Altars:


Innate Abilities, Weirdness & Mutations

You do not eat or drink.
Your flesh is vulnerable to fire.
You are immune to poison.
Your flesh is cold resistant. (rC+)
You are immune to negative energy. (rN+++)
You are immune to unholy pain and torment.
You can survive without breathing.


Message History

You now have 3/10 mp.
The orc throws a boomerang.
The boomerang misses you.
The weapon returns to the orc!
Aim: an orc, wielding a +0 hand axe and wearing a +0 ring mail (severely wounded, chance to defeat MR: 91%)
The orc barely resists.
The orc throws a boomerang.
The boomerang hits you!
The weapon returns to the orc!
You take 8 damage, and have 24/35 hp.
MASSIVE DAMAGE!!
You now have 2/10 mp.
Aim: an orc, wielding a +0 hand axe and wearing a +0 ring mail (severely wounded, chance to defeat MR: 91%)
The orc writhes in agony!
You kill the orc!
You now have 1/10 mp.
You don't have enough magic to cast that spell.
The orc wizard looks encouraged for a moment.
You completely miss the orc.
Your jackal zombie barely misses the orc.
The orc hits you but does no damage.
The orc hits your jackal zombie with a +0 hand axe.
Your jackal zombie bites the orc.
You closely miss the orc.
The orc hits your jackal zombie with a +0 hand axe.
The orc closely misses you.
Your jackal zombie closely misses the orc.
The orc wizard casts a spell.
The orc wizard flickers and vanishes!
Deactivating autopickup; reactivate with Ctrl-A.
The orc hits your jackal zombie with a +0 hand axe.
The orc misses you.
Your jackal zombie bites the orc but does no damage.
You hit the orc.
Your jackal zombie bites the orc but does no damage.
The orc hits your jackal zombie with a +0 hand axe.
Your jackal zombie is destroyed!
The orc hits you with a +0 hand axe.
You take 3 damage, and have 21/35 hp.
You barely miss the orc.
The orc closely misses your jackal zombie.
The orc hits you with a +0 hand axe.
Your jackal zombie barely misses the orc.
You hit the orc but do no damage.
The orc hits your jackal zombie with a +0 hand axe.
The orc hits you with a +0 hand axe.
Your jackal zombie bites the orc but does no damage.
You take 4 damage, and have 17/35 hp.
You closely miss the orc.
Your jackal zombie closely misses the orc.
The orc misses you.
The orc hits your jackal zombie with a +0 hand axe.
Your jackal zombie bites the orc.
The orc dies!
You hit something. Something hits you. Something hits your jackal zombie.
Your jackal zombie is destroyed!
You take 2 damage, and have 15/35 hp.
You hit something but do no damage.
You hear some strange, mumbled words.
You miss something.
You hear some strange, mumbled words.
A puff of frost appears from out of thin air!
The puff of frost misses you. Something hits you but does no damage.
Aim: an orc, wielding a +0 dagger (chance to defeat MR: 91%)
Something writhes in agony.
Something hits your jackal zombie.
Something hits your jackal zombie but does no damage.
You now have 2/10 mp.
Aim: an orc, wielding a +0 dagger (chance to defeat MR: 91%)
You miscast Pain.
You are very lightly contaminated with residual magic.
Nothing appears to happen.
You now have 1/10 mp.
Aim: an orc, wielding a +0 dagger (chance to defeat MR: 91%)
Something writhes in agony!
Something closely misses your jackal zombie.
Something hits your jackal zombie.
You now have 0/10 mp.
You barely miss something. Something hits you but does no damage.
Something hits you.
You take 1 damage, and have 15/35 hp.
You closely miss something. Something hits you but does no damage.
Something hits you.
You take 2 damage, and have 13/35 hp.
You completely miss something. Something hits you.
Something hits your jackal zombie.
You take 1 damage, and have 12/35 hp.
You completely miss something. Something hits you!
* * * LOW HITPOINT WARNING * * *
You take 7 damage, and have 5/35 hp.
You swap places.
Something hits you but does no damage.
You hear some strange, mumbled words.
A puff of flame appears from out of thin air!
The puff of flame misses you.
Your jackal zombie barely misses something.
Something hits you.
* * * LOW HITPOINT WARNING * * *
The orc hits your jackal zombie with a +0 dagger.
You take 5 damage, and have 1/35 hp.
You can't see any susceptible monsters within range! (Use Z to cast anyway.)
You barely miss something.
Your jackal zombie closely misses something.
Something hits you.
You die...

... ..#....# #.#
#.#....#
#.######.#....###
#<..ZZ...#.......
#.......#####.......###
#######.# #..<.......
#.# #.......... #.#
#.#......[. #.#
#.#@####... #.. ..#.#
.. ### ####Z#####
#.o.).# #####..... ###


You could see an orc and a friendly jackal zombie.

Vanquished Creatures
  An orc priest (D:3)
  An orc wizard (D:3)
  5 adders
  An ooze (D:3)
  3 worms (D:2)
  7 orcs
  2 ball pythons
  3 bats
  5 giant cockroaches
  4 hobgoblins
  8 jackals
  10 kobolds
  A quokka (D:2)
  6 frilled lizards
  4 goblins
  6 rats
67 creatures vanquished.

Vanquished Creatures (collateral kills)
  An orc (D:4)
1 creature vanquished.

Grand Total: 68 creatures vanquished

Notes
Turn   | Place    | Note
-------+----------+-------------------------------------------
     0 | D:1      | mhoghedin the Mummy Necromancer began the quest for the
                  | Orb.
     0 | D:1      | Reached XP level 1. HP: 13/13 MP: 4/4
   285 | D:1      | Reached skill level 3 in Spellcasting
   378 | D:1      | Learned a level 1 spell: Animate Skeleton
   519 | D:1      | Reached XP level 2. HP: 19/19 MP: 4/6
  1251 | D:2      | Reached XP level 3. HP: 24/24 MP: 2/8
  1403 | D:2      | Learned a level 3 spell: Vampiric Draining
  2169 | D:2      | Reached skill level 5 in Necromancy
  2368 | D:3      | Reached XP level 4. HP: 21/30 MP: 0/9
  2400 | D:3      | HP: 4/30 [orc/+0 mace (5)]
  2755 | D:3      | Learned a level 4 spell: Animate Dead
  3118 | D:3      | Reached skill level 6 in Necromancy
  3118 | D:3      | Reached XP level 5. HP: 21/35 MP: 1/10
  3719 | D:4      | HP: 5/35 [something (7)]
  3722 | D:4      | HP: 1/35 [something (5)]
  3723 | D:4      | Slain by an orc wizard

Levels and vault maps discovered:
D:1:      minmay_arrival_widening_spiral_wide, layout_loops_ring,
          minmay_misc_feat_pillars
D:2:      layout_basic
D:3:      layout_basic, hangedman_decor_riveting
D:4:      minmay_inner_zag, layout_basic

Skill      XL: |  1  2  3  4 |
---------------+-------------+-----
Spellcasting   | 3 |  3.7
Necromancy     | 5 6 |  6.4
Dodging        | |  1.5
Stealth        | |  1.5

Action                   |  1- 3 |  4- 6 || total
-------------------------+-------+-------++-------
Melee: Hand axe          |    26 |    38 ||    64
 Cast: Pain              |   110 |    58 ||   168
       Animate Skeleton  |     4 |       ||     4
       Animate Dead      |       |     2 ||     2
Armor: Robe              |     7 |    18 ||    25
Dodge: Dodged            |    47 |    41 ||    88

Table legend:
 A = Non-vault XP
 B = Vault XP
 C = Vault XP percentage of total XP
 D = Non-vault monster count
 E = Vault monster count
 F = Vault count percentage of total count
                 A         B        C        D         E       F
            +---------+---------+-------+---------+---------+-------
      Total |     276 |       0 |   0.0 |      68 |       0 |   0.0
            +---------+---------+-------+---------+---------+-------
        D:1 |      18 |       0 |   0.0 |      12 |       0 |   0.0
        D:2 |      61 |       0 |   0.0 |      24 |       0 |   0.0
        D:3 |     186 |       0 |   0.0 |      27 |       0 |   0.0
        D:4 |      11 |       0 |   0.0 |       5 |       0 |   0.0
            +---------+---------+-------+---------+---------+-------

Levels and vault maps discovered:
D:1:      minmay_arrival_widening_spiral_wide, layout_loops_ring,
          minmay_misc_feat_pillars
D:2:      layout_basic
D:3:      layout_basic, hangedman_decor_riveting
D:4:      minmay_inner_zag, layout_basic

Table legend:
 A = Turns spent in this place as a percentage of turns spent in the entire game.
 B = Non-inter-level travel turns spent in this place as a percentage of non-inter-level travel turns spent in the entire game.
 C = Inter-level travel turns spent in this place as a percentage of turns spent in this place.
 D = Turns resting spent in this place as a percentage of non-inter-level travel turns spent in this place.
 E = Turns spent auto-exploring this place as a percentage of non-inter-level travel turns spent in this place.
 F = Non-inter-level travel turns spent in this place divided by the number of levels of this place that you've seen.
                   A       B       C       D       E      F
               +-------+-------+-------+-------+-------+----------------------
         Total | 100.0 | 100.0 |   3.5 |  33.1 |  50.5 | 897.8
       Dungeon | 100.0 | 100.0 |   3.5 |  33.1 |  50.5 | 897.8
               +-------+-------+-------+-------+-------+----------------------

Table legend:
 A = Kills in this place as a percentage of kills in entire the game.
 B = Kills by you in this place as a percentage of kills by you in the entire game.
 C = Kills by friends in this place as a percentage of kills by friends in the entire game.
 D = Other kills in this place as a percentage of other kills in the entire game.
 E = Experience gained in this place as a percentage of experience gained in the entire game.
 F = Experience gained in this place divided by the number of levels of this place that you have seen.
                   A       B       C       D       E      F
               +-------+-------+-------+-------+-------+----------------------
         Total | 100.0 | 100.0 | 100.0 |   N/A | 100.0 |  69.0
       Dungeon | 100.0 | 100.0 | 100.0 |   N/A | 100.0 |  69.0
               +-------+-------+-------+-------+-------+----------------------
